 Dungeon Crawl Stone Soup version 0.29-a0-551-gffc1d7fb78 (webtiles) character file.

Game seed: 16665400142621474239

6 freelancePsychic the Sneak (level 1, -1/21 HPs)
             Began as a Naga Wanderer on June 6, 2022.
             Slain by a kobold
             ... wielding a +0 whip
              (3 damage)
             ... on level 1 of the Dungeon.
             The game lasted 00:00:32 (45 turns).

freelancePsychic the Sneak (Naga Wanderer)            Turns: 45, Time: 00:00:32

Health: -1/21      AC:  1    Str: 12    XL:     1   Next: 90%
Magic:  1/1        EV:  9    Int:  8    God:
Gold:   16         SH:  0    Dex: 16    Spells: 0/0 levels left

rFire   . . .      SeeInvis +   a - +3 dagger
rCold   . . .      Faith    .   (no shield)
rNeg    . . .      Spirit   .   e - +0 leather armour
rPois   +          Reflect  .   (no helmet)
rElec   .          Harm     .   (no cloak)
rCorr   .          Rampage  .   (no gloves)
Will    .....                   (no barding)
Stlth   +++.......              (no amulet)
HPRegen 0.07/turn               (no ring)
MPRegen 0.07/turn               (no ring)

@: mighty, very slow
A: AC +0, large, see invisible, deformed body, poison resistance, slowness 2,
spit poison 1, naga tail 1
a: Spit Poison


You were on level 1 of the Dungeon.
You visited 1 branch of the dungeon, and saw 1 of its levels.

You collected 16 gold pieces.

Inventory:

Hand Weapons
 a - a +3 dagger (weapon)
Armour
 e - a +0 leather armour (worn)
Scrolls
 f - 3 scrolls of identify {unknown}
Potions
 b - a potion of haste {@q3}


   Skills:
 + Level 3.1 Fighting
 * Level 1.1 Short Blades
 - Level 1.0 Armour
 - Level 1.0 Dodging
 - Level 5.8 Stealth
 - Level 1.0 Evocations


You couldn't memorise any spells.
You didn't know any spells.
Your spell library was empty.

Dungeon Overview and Level Annotations

Branches:
Dungeon (1/15)

Altars:


Innate Abilities, Weirdness & Mutations

Your serpentine skin is tough. (AC +0)
You have supernaturally acute eyesight. (SInv)
Armour fits poorly on your strangely shaped body.
Your system is resistant to poisons. (rPois)
You cover ground very slowly.
You can spit poison.
You have a snake-like lower body.


Message History

The kobold hits you but does no damage. The kobold hits you with a +0 whip.
The ball python attacks as you move away!
The ball python bites you. The kobold attacks as you move away!
The kobold misses you.
The ball python hisses angrily.
The ball python closely misses you. The kobold attacks as you move away!
The kobold hits you with a +0 whip. The frilled lizard bites you.
The kobold hits you with a +0 whip. The ball python closely misses you.
The frilled lizard attacks as you move away!
The frilled lizard bites you. The ball python bites you.
* * * LOW HITPOINT WARNING * * *
You feel better. The ball python barely misses you.
You feel very mighty all of a sudden. The ball python bites you.
You hit the ball python.
You kill the ball python!
The ball python bites you.
You puncture the ball python!
You kill the ball python!
The ball python completely misses you.
You hit the ball python.
You kill the ball python!
You closely miss the quokka. The quokka bites you.
* * * LOW HITPOINT WARNING * * *
You puncture the quokka!
You kill the quokka!
You closely miss the goblin. The goblin hits you with a +0 dagger.
* * * LOW HITPOINT WARNING * * *
You puncture the goblin!
You kill the goblin!
Your Short Blades skill increases to level 1!
You puncture the frilled lizard!
You kill the frilled lizard!
You closely miss the kobold. The kobold barely misses you.
You hit the kobold.
The kobold is moderately wounded.
The kobold hits you with a +0 whip.
You die...

..... #.# .....#####.###
.......#.....#######
...?..........##...
.r...............# .
................#.# .#
...............# #.# ##.
........?....K## ##.## #..
.............#@###.#.###.#
..........>S.##.#.#.#.#.#
......!......# #.#.<.#.#
##.....#.....##.#.#.#.#.#
.............#.###.#.###.#
.#....###.##..## ##.## #..
#..## #.##...###.#.# ..#
... #.###...#.###.# .#
#.#####..## #.. #


You could see a kobold.

Vanquished Creatures
  A goblin (D:1)
  A quokka (D:1)
  3 ball pythons (D:1)
  A frilled lizard (D:1)
6 creatures vanquished.

Notes
Turn   | Place    | Note
-------+----------+-------------------------------------------
     0 | D:1      | freelancePsychic the Naga Wanderer began the quest for the
                  | Orb.
     0 | D:1      | freelancePsychic set off with the following items: a +3
                  | dagger, a potion of haste {@q3}, a potion of curing {@q1},
                  | a potion of might, a +0 leather armour
     0 | D:1      | Reached XP level 1. HP: 21/21 MP: 1/1
    41 | D:1      | HP: 1/21 [goblin/+0 dagger (1)]
    43 | D:1      | Reached skill level 1 in Short Blades
    45 | D:1      | Slain by a kobold

Illustrated notes

Levels and vault maps discovered:
D:1:      minmay_arrival_diagonal_passages, layout_rooms,
          hellmonk_ecumenical_altar_crossroads, minmay_cut_off

Skill      XL: |  1 |
---------------+----+-----
Short Blades   | 1 |  1.1
Fighting       | |  3.1
Armour         | |  1.0
Dodging        | |  1.0
Stealth        | |  5.8
Evocations     | |  1.0

Action                   || total
-------------------------++-------
Melee: Dagger            ||    10
  Use: Potion            ||     2
Armor: Leather armour    ||     1
Dodge: Dodged            ||     6

Table legend: (Time is in decaauts)
 A = Elapsed time spent in this place.
 B = Non-inter-level travel time spent in this place.
 C = Inter-level travel time spent in this place.
 D = Time resting spent in this place.
 E = Time spent auto-exploring this place.
 F = Levels seen in this place.
 G = Mean time per level.
                   A        B        C        D        E       F      G
               +--------+--------+--------+--------+--------+-----+--------+
         Total |     57 |     57 |      0 |      0 |     25 |   1 |   57.0 |
       Dungeon |     57 |     57 |      0 |      0 |     25 |   1 |   57.0 |
               +--------+--------+--------+--------+--------+-----+--------+

Top non-repeatable levels by time:
     D:1: 57 daAuts
